 Dungeon Crawl Stone Soup version 0.27-a0-1287-gca74d27db6 (webtiles) character file.

Game seed: 17651517326948231277

539 deletemesenpai the Chopper (level 7, -2/59 HPs)
             Began as a Hill Orc Fighter on June 14, 2021.
             Was an Initiate of Beogh.
             Slain by a gnoll (8 damage)
             ... on level 5 of the Dungeon.
             The game lasted 00:18:44 (5298 turns).

deletemesenpai the Chopper (Hill Orc Fighter)       Turns: 5298, Time: 00:18:45

Health: -2/59      AC:  9    Str: 20    XL:     7   Next: 26%
Magic:  7/7        EV:  5    Int:  8    God:    Beogh [......]
Gold:   114        SH:  9    Dex: 11    Spells: 6/6 levels left

rFire    . . .     SeeInvis .   a - +0 war axe
rCold    . . .     Faith    .   c - +0 kite shield
rNeg     . . .     Spirit   .   l - +0 chain mail
rPois    .         Reflect  .   (no helmet)
rElec    .         Harm     .   (no cloak)
rCorr    .         Rampage  .   (no gloves)
Will     .....                  (no boots)
Stlth    ..........             f - amulet of magic regeneration
HPRegen  0.19/turn              (no ring)
MPRegen  0.35/turn              (no ring)

@: lit by a corona, on berserk cooldown, slowed, glowing, very slow
A: no striking features
a: Renounce Religion


You were on level 5 of the Dungeon.
You worshipped Beogh.
Beogh was noncommittal.
You visited 1 branch of the dungeon, and saw 5 of its levels.

You collected 114 gold pieces.

Inventory:

Hand Weapons
 a - a +0 war axe (weapon)
 p - a +0 hand axe
Missiles
 g - 8 poisoned darts (quivered)
 o - 4 silver javelins
Armour
 c - a +0 kite shield (worn)
 l - a +0 chain mail (worn)
Jewellery
 f - an amulet of magic regeneration (around neck)
Scrolls
 e - 5 scrolls of amnesia
 h - 2 scrolls of identify
 i - a scroll of fear {unknown}
 k - a scroll of noise {unknown}
 m - a scroll of enchant armour {unknown}
 n - a scroll of teleportation {unknown}
Potions
 d - 2 potions of lignification
 j - a potion of mutation


   Skills:
 - Level 4.2 Fighting
 + Level 7.9(8.3) Axes
 - Level 1.8(4.5) Maces & Flails
 - Level 1.9(4.5) Polearms
 - Level 4.0 Armour
 - Level 4.4 Shields


You had 6 spell levels left.
You didn't know any spells.
Your spell library contained the following spells:

 Spells                   Type           Power      Damage    Failure   Level
 Animate Skeleton         Necr           0%         N/A       100%        1
 Pain                     Necr           0%         1d4       100%        1
 Vampiric Draining        Necr           0%         2d6       100%        3
 Animate Dead             Necr           0%         N/A       100%        4
 Agony                    Necr           0%         N/A       100%        5


Dungeon Overview and Level Annotations

Branches:
Dungeon (5/15)
 Temple: D:4-7

Altars:
Dithmenos
Uskayaw
Vehumet


Message History

The howler monkey hits you but does no damage.
An orc comes into view. It is wielding a +0 rapier.
You block the gnoll's attack.
The howler monkey hoots and howls with incredible vigour!
You hear a shout! x2
You hear a shout!
The gnoll barely misses you. The gnoll hits you but does no damage.
The orc sneers, "How could Beogh possibly choose you?"
The orc hits you but does no damage. You block the gnoll's attack.
You block the orc's attack. The orc hits you with a +0 rapier.
You hit the orc.
The orc is moderately wounded.
You completely miss the orc. You block the gnoll's attack.
The orc hits you but does no damage. The gnoll barely misses you.
You block the orc's attack. The orc barely misses you.
You block the orc's attack.
You closely miss the orc.
The orc is moderately wounded.
You slash the orc!
You kill the orc!
Beogh accepts your kill. The gnoll barely misses you.
You block the gnoll's attack. The orc hits you but does no damage.
The gnoll hits you but does no damage.
The howler monkey hoots and howls with incredible vigour!
The gnoll hits you from afar with a +0 spear.
The orc hits you but does no damage.
The gnoll shaman mumbles some strange prayers to its god against you.
You are outlined in light.
The gnoll hits you from afar with a +0 halberd.
You hear a shout! x2
The orc hits you but does no damage. The orc hits you with a +0 rapier.
* * * LOW HITPOINT WARNING * * *
The gnoll hits you from afar with a +0 spear.
* * * LOW HITPOINT WARNING * * *
The gnoll shaman hits you with a +2 whip of electrocution.
* * * LOW HITPOINT WARNING * * *
You block the orc's attack.
The gnoll hits you from afar with a +0 halberd!
You die...

... .... .. ..... ..
...# #... ...# #.. ...#
## #.####..##### #.
##..gg.g...... # #.
#..@ogh..##.
#.#.#####.#####...#
##.##......##ggh...#...
#gg.#.........#.........
#........##....###....
#...######)).....# ...
##.# ####.#### .. #> #.#
# # #.#


You could see a gnoll shaman, a howler monkey, 3 gnolls and an orc.

Vanquished Creatures
  A sky beast (D:4)
  An ogre (D:4)
  A scorpion (D:4)
  2 iguanas
  Natasha (twice) (D:2)
  An orc wizard (D:4)
  2 gnolls (D:5)
  3 adders
  A shadow imp (D:5)
  An adder skeleton (D:4)
  2 dart slugs
  14 orcs
  6 endoplasms
  3 giant cockroaches
  7 goblins
  6 hobgoblins
  18 jackals
  7 kobolds
  3 quokkas
  7 ball pythons
  3 frilled lizards
  4 rats
95 creatures vanquished.

Vanquished Creatures (others)
  An orc (D:4)
  14 plants (D:1)
15 creatures vanquished.

Grand Total: 110 creatures vanquished

Notes
Turn   | Place    | Note
-------+----------+-------------------------------------------
     0 | D:1      | deletemesenpai the Hill Orc Fighter began the quest for the
                  | Orb.
     0 | D:1      | Reached XP level 1. HP: 19/19 MP: 1/1
   378 | D:1      | Reached XP level 2. HP: 27/27 MP: 2/2
   526 | D:1      | Reached skill level 3 in Axes
   675 | D:1      | Reached XP level 3. HP: 31/33 MP: 3/3
   853 | D:1      | Reached skill level 1 in Maces & Flails
  1447 | D:2      | Reached skill level 1 in Polearms
  1449 | D:2      | Reached XP level 4. HP: 16/40 MP: 4/4
  2540 | D:2      | Noticed Natasha
  2548 | D:2      | Killed Natasha
  2549 | D:2      | Reached skill level 4 in Axes
  2549 | D:2      | Reached XP level 5. HP: 38/46 MP: 5/5
  2723 | D:2      | Noticed Natasha
  2732 | D:2      | Killed Natasha
  3261 | D:4      | Found a hide-covered altar of Uskayaw.
  3277 | D:4      | Found a radiant altar of Vehumet.
  3506 | D:4      | Noticed a sky beast
  4118 | D:4      | Reached XP level 6. HP: 52/52 MP: 6/6
  4126 | D:4      | Reached skill level 5 in Axes
  4147 | D:4      | Reached skill level 6 in Axes
  4461 | D:4      | Became a worshipper of Beogh the Brigand
  4784 | D:4      | Killed a sky beast
  4785 | D:4      | Reached skill level 7 in Axes
  4785 | D:4      | Reached XP level 7. HP: 38/59 MP: 7/7
  5021 | D:4      | Found a shadowy altar of Dithmenos.
  5266 | D:5      | Entered Level 5 of the Dungeon
  5298 | D:5      | Slain by a gnoll

Illustrated notes

Levels and vault maps discovered:
D:1:      lightli_arrival_noodles, layout_loops_ring, serial_bayou,
          serial_bayou_shore_b, serial_bayou_lake_a, serial_bayou_shore_a,
          serial_bayou_lagoon_b, serial_bayou_pond_d
D:2:      layout_basic, uniq_natasha
D:3:      layout_rooms, nrook_uturn
D:4:      layout_basic, old_standard_altar, old_standard_altar,
          lemuel_coloured_pillars_altar
D:5:      layout_loops_cross, portal_sewer_entry_b, minmay_misc_feat_tower,
          uniq_prince_ribbit1, uniq_grinder, uniq_ijyb, uniq_pikel, uniq_edmund,
          uniq_crazy_yiuf_cottage

Skill      XL: |  1  2  3  4  5  6 |
---------------+-------------------+-----
Axes           | 3 4 7 |  7.9
Maces & Flails | 1 |  1.8
Fighting       | 4 |  4.2
Polearms       | 1 |  1.9
Shields        | 4 |  4.4
Armour         | 4 |  4.0

Action                   |  1- 3 |  4- 6 |  7- 9 || total
-------------------------+-------+-------+-------++-------
Melee: War axe           |    90 |   150 |    10 ||   250
       Hand axe          |       |    80 |       ||    80
Throw: Dart              |       |    26 |       ||    26
Invok: Convert to Beogh  |       |     1 |       ||     1
  Use: Potion            |     1 |     2 |     1 ||     4
       Scroll            |       |     5 |       ||     5
Armor: Scale mail        |    50 |    32 |       ||    82
       Chain mail        |       |   110 |    15 ||   125
Dodge: Dodged            |    28 |    65 |     9 ||   102
Block: Kite shield       |    72 |   150 |    16 ||   238

Table legend: (Time is in decaauts)
 A = Elapsed time spent in this place.
 B = Non-inter-level travel time spent in this place.
 C = Inter-level travel time spent in this place.
 D = Time resting spent in this place.
 E = Time spent auto-exploring this place.
 F = Levels seen in this place.
 G = Mean time per level.
                   A        B        C        D        E       F      G
               +--------+--------+--------+--------+--------+-----+--------+
         Total |   5586 |   5407 |    179 |    718 |   3102 |   5 | 1117.2 |
       Dungeon |   5586 |   5407 |    179 |    718 |   3102 |   5 | 1117.2 |
               +--------+--------+--------+--------+--------+-----+--------+

Top non-repeatable levels by time:
     D:1: 1689 daAuts
     D:4: 1565 daAuts
     D:2: 1288 daAuts
     D:3: 1006 daAuts
     D:5: 37 daAuts
